 Dungeon Crawl Stone Soup version 0.16-a0-3714-geb26cbe (webtiles) character file.

81828 kroki the Fighter (level 15, -3/125 HPs)
             Began as a Mummy Gladiator on Jan 20, 2015.
             Was a High Priest of Okawaru (penitent).
             Slain by a fire elemental (11 damage)
             ... summoned by the player character
             ... on level 1 of the Spider Nest.
             The game lasted 01:07:38 (28184 turns).

kroki the Fighter (Mummy Gladiator)                Turns: 28184, Time: 01:07:38

Health: -3/125     AC: 30    Str: 21    XL:     15   Next: 27%
Magic:  28/28      EV: 12    Int:  7    God:    Okawaru [*]
Gold:   3308       SH:  8    Dex: 17    Spells: 1 memorised, 12 levels left

rFire  . . .     SeeInvis +     x - +1 demon trident (venom)
rCold  + . .     Clarity  .     a - +3 chain mail
rNeg   + + +     SustAb   .     H - +4 buckler of the Accordion {rF+ rN+ Str+3}
rPois  ∞         Gourm    .     i - +2 helmet {SInv}
rElec  .         Spirit   .     v - +1 cloak
rCorr  .         Warding  .     E - +0 pair of gloves
rMut   .         Stasis   .     W - +2 pair of boots
MR     .....                    e - amulet of regeneration
Stlth  ..........               n - +3 ring of protection
                                Z - +3 ring of evasion

@: vulnerable, not resistant to hostile enchantments, extremely unstealthy
A: no food or potions, fire vulnerability, in touch with death, restore body,
cold resistance 1, negative energy resistance 3, poison resistance, torment
resistance, unbreathing
a: Self-Restoration, Renounce Religion


You were on level 1 of the Spider Nest.
You worshipped Okawaru.
Okawaru was demanding penance.
You were not hungry.

You visited 6 branches of the dungeon, and saw 28 of its levels.
You also visited: Labyrinth, Bailey and Volcano.

You collected 3449 gold pieces.
You spent 117 gold pieces at shops.

Inventory:

Hand weapons
 t - the +10 long sword "Netob" {drain, MR++}
   (You found it on level 8 of the Dungeon)

   A truly terrible weapon, it drains the life of those it strikes.
   It affects your resistance to hostile enchantments.
 u - a +0 blowgun
   (You took it off a kobold on level 8 of the Dungeon)
 x - a +1 demon trident of venom (weapon)
   (You took it off a red devil on level 8 of the Lair of Beasts)
 D - the +9 lajatang of Dividends {drain, Int+2}
   (Okawaru gifted it to you on level 4 of the Lair of Beasts)

   A truly terrible weapon, it drains the life of those it strikes.
   It affects your intelligence (+2).
 G - the +7 lajatang of Order {silver, rMut}
   (You found it on level 8 of the Lair of Beasts)

   It protects you from mutation.
Missiles
 g - 2 curare-tipped needles {!f}
 J - 2 javelins of penetration (quivered)
 L - 2 throwing nets {!f}
 X - 3 javelins of returning
Armour
 a - a +3 chain mail (worn)
   (You found it on level 6 of the Lair of Beasts)
 i - a +2 helmet of see invisible (worn)
   (You found it in a bailey)
 p - a +0 chain mail of cold resistance
   (You took it off an orc warrior on level 4 of the Orcish Mines)
 v - a +1 cloak (worn)
   (You bought it in a shop on level 4 of the Orcish Mines)
 E - a +0 pair of gloves (worn)
   (You found it on level 8 of the Lair of Beasts)
 H - the +4 buckler of the Accordion (worn) {rF+ rN+ Str+3}
   (You found it on level 11 of the Dungeon)

   It affects your strength (+3).
   It protects you from fire.
   It protects you from negative energy.
 W - a +2 pair of boots (worn)
   (You found it on level 6 of the Lair of Beasts)
Rods
 h - a +2 rod of the swarm (13/13) {!a}
   (You found it in a labyrinth)
 Y - a +4 rod of inaccuracy (13/13) {!a}
   (You found it in a labyrinth)
Jewellery
 e - an amulet of regeneration (around neck)
   (You found it on level 5 of the Dungeon)
 k - an uncursed ring of wizardry
   (You found it on level 2 of the Dungeon)
 n - a +3 ring of protection (right hand)
   (You found it on level 6 of the Dungeon)
 r - an uncursed ring of sustain abilities
   (You took it off an orc warrior on level 7 of the Dungeon)
 Z - a +3 ring of evasion (left hand)
   (You found it on level 10 of the Dungeon)
Magical devices
 d - a wand of digging (10)
   (You found it on level 9 of the Dungeon)
 F - a wand of digging (10)
   (You found it in a labyrinth)
 I - a wand of frost (17)
   (You found it on level 3 of the Lair of Beasts)
 M - a wand of hasting (4)
   (You acquired it on level 6 of the Lair of Beasts)
 N - a wand of frost (10)
   (You found it on level 4 of the Lair of Beasts)
 T - a wand of enslavement (5)
   (You found it on level 5 of the Lair of Beasts)
 U - a wand of paralysis (6)
   (You found it on level 5 of the Lair of Beasts)
Scrolls
 f - 9 scrolls of remove curse
 j - 2 scrolls of enchant armour
 m - 7 scrolls of teleportation
 q - 2 scrolls of magic mapping
 s - 3 scrolls of fear
 z - 2 scrolls of amnesia
 A - 7 scrolls of blinking
 C - 3 scrolls of enchant weapon
 K - 3 scrolls of immolation
 O - 4 scrolls of identify
 P - a scroll of recharging
 V - a scroll of silence
Miscellaneous
 c - a phial of floods (inert)
 y - a lamp of fire (inert)


   Skills:
 + Level 13.7 Fighting
 - Level 10.9 Staves
 - Level 4.0 Throwing
 + Level 13.7 Armour
 - Level 3.0 Dodging
 - Level 10.0 Evocations


You had 12 spell levels left.
You knew the following spells:

 Your Spells              Type           Power        Failure   Level  Hunger
r - Repel Missiles        Chrm/Air       #.....       100%        2    N/A


Innate Abilities, Weirdness & Mutations

You do not eat or drink.
Your flesh is vulnerable to fire.
You are in touch with the powers of death.
You can restore your body by infusing magical energy.
Your flesh is cold resistant.
You are immune to negative energy.
Your system is resistant to poisons.
You are immune to unholy pain and torment.
You can survive without breathing.

Dungeon Overview and Level Annotations

Branches:
Dungeon (13/15)            Temple (1/1) D:5            Lair (8/8) D:9
  Swamp (0/5) Lair:3       Spider (1/5) Lair:3        Slime (0/6) Lair:8
    Orc (4/4) D:11            Elf (1/3) Orc:4
 Vaults: D:13-14

Altars:
Ashenzari
Cheibriados
Dithmenos
Elyvilon
Fedhas
Gozag
Kikubaaqudgha
Makhleb
Nemelex Xobeh
Okawaru
Qazlal
Ru
Sif Muna
Trog
Vehumet
Xom
Yredelemnul
Zin
The Shining One
Beogh

Shops:
Orc:2 =   Orc:4 [![(

Portals:
Hell: Lair:8

Annotations:
D:7 exclusion: oklob plant
Lair:3 exclusions: 3 electric eels and oklob plant
Elf:1 Frances

.......####.(..#..
.......#..#....#.....
....####..#....#....##
.†.....#^.#....#....#..
.†........#...†#.....?..
..###.....#....#......#.
.....††)..##...#........
#...#.<....#...#§E.......
###..††.........@s.#
#......)......E†.^#
.....#.....(....#####
...###.........## ..#
........... ..
...####.... .. ..## .....
. ..# ..... # .


You could see 2 fire elementals and a redback.


Message History

You take 7 damage.
You can't drink.
Unknown command.
Are you sure you want to stumble around while confused and next to your ally the redback?
This could place you under penance!
Okay, then.
Unknown command.
Are you sure you want to stumble around while confused and next to your ally the redback?
This could place you under penance! (Use ctrl+direction to attack without moving)
Okay, then.
You puncture your redback!
Your redback is poisoned.
The redback is no longer charmed.
The redback is heavily wounded.
You feel very guilty. "You will pay for your transgression, mortal!"
You kill the tarantella!
Okawaru accepts your kill.
The redback bites you but does no damage.
The fire elemental hits you. The fire elemental burns you!
* * * LOW HITPOINT WARNING * * *
The fire elemental barely misses you. The redback misses you.
You take 15 damage.
You barely miss the redback.
The redback is heavily wounded.
You feel less confused. The fire elemental barely misses you.
The redback closely misses you. The fire elemental hits you.
The fire elemental burns you!
* * * LOW HITPOINT WARNING * * *
You block the redback's attack. The fire elemental hits you.
The fire elemental burns you!
You die...

Notes
Turn   | Place    | Note
--------------------------------------------------------------
     0 | D:1      | kroki, the Mummy Gladiator, began the quest for the Orb.
     0 | D:1      | Reached XP level 1. HP: 16/16 MP: 1/1
   268 | D:1      | Reached XP level 2. HP: 22/22 MP: 2/2
   368 | D:1      | Reached skill level 3 in Staves
   603 | D:2      | Found a shattered altar of Ashenzari.
   630 | D:2      | Reached XP level 3. HP: 17/27 MP: 3/3
  1301 | D:2      | Reached skill level 4 in Staves
  1445 | D:3      | Reached XP level 4. HP: 29/33 MP: 4/4
  1795 | D:3      | Reached XP level 5. HP: 26/38 MP: 5/5
  2213 | D:3      | Reached skill level 5 in Staves
  3061 | D:4      | Killed an ogre
  3372 | D:4      | Found a shimmering altar of Xom.
  3649 | D:4      | Reached XP level 6. HP: 39/44 MP: 6/6
  3727 | D:5      | Entered Level 5 of the Dungeon
  3732 | D:5      | Found a staircase to the Ecumenical Temple.
  3741 | Temple   | Entered the Ecumenical Temple
  4120 | D:5      | Found a blossoming altar of Fedhas.
  4442 | D:5      | Reached skill level 6 in Staves
  4442 | D:5      | Reached skill level 1 in Armour
  4578 | D:5      | Reached XP level 7. HP: 51/51 MP: 7/7
  5221 | D:6      | Reached skill level 3 in Fighting
  5221 | D:6      | Reached skill level 3 in Dodging
  5388 | D:6      | Found a sacrificial altar of Ru.
  5406 | D:6      | Reached skill level 3 in Throwing
  5741 | D:6      | Reached XP level 8. HP: 54/58 MP: 8/8
  6020 | D:7      | Noticed Prince Ribbit
  6037 | D:7      | Killed Prince Ribbit
  6059 | D:7      | Reached skill level 3 in Evocations
  6193 | D:7      | Noticed ConnectionFaild's ghost (experienced SpAr)
  6314 | D:7      | Killed ConnectionFaild's ghost
  6314 | D:7      | Reached skill level 6 in Evocations
  6314 | D:7      | Reached XP level 9. HP: 63/63 MP: 15/18
  6340 | D:7      | Noticed an oklob plant
  6513 | D:7      | Found an iron altar of Okawaru.
  6518 | D:7      | Found an opulent altar of Gozag.
  6720 | D:7      | Reached skill level 7 in Staves
  6730 | D:7      | Reached skill level 3 in Armour
  6909 | D:7      | Found a glowing silver altar of Zin.
  7089 | D:7      | Became a worshipper of Warmaster Okawaru
  7314 | D:7      | Found a deep blue altar of Sif Muna.
  7380 | D:7      | Found a shimmering altar of Xom.
  7625 | D:8      | Reached skill level 8 in Staves
  7844 | D:8      | Noticed Pikel
  8038 | D:8      | Acquired Okawaru's first power
  8038 | D:8      | Reached skill level 5 in Armour
  8046 | D:8      | Got a jewelled long sword
  8059 | D:8      | Identified the +10 long sword "Netob" {drain, MR++} (You found it on level 8 of the Dungeon)
  8072 | D:8      | Killed Pikel
  8072 | D:8      | Reached XP level 10. HP: 65/70 MP: 19/19
  8312 | D:9      | Noticed Gastronok
  8328 | D:9      | Killed Gastronok
  8328 | D:9      | Reached skill level 6 in Armour
  8341 | D:9      | Reached skill level 9 in Staves
  8529 | D:9      | Found a staircase to the Lair.
  8529 | D:9      | Noticed an elephant
  8555 | D:9      | Killed an elephant
  9033 | D:9      | Got a crude hand axe
  9050 | D:9      | Identified the +5 hand axe of the Moth {antimagic, rC+ Str+4} (You found it on level 9 of the Dungeon)
  9284 | D:9      | Noticed a wizard
  9289 | D:9      | Killed a wizard
  9289 | D:9      | Reached skill level 10 in Staves
  9289 | D:9      | Reached XP level 11. HP: 75/75 MP: 20/20
  9567 | Lair:1   | Entered Level 1 of the Lair of Beasts
  9584 | Lair:1   | Found a dark tunnel.
  9613 | Lair:1   | Reached skill level 8 in Armour
  9616 | Volcano  | Entered a volcano
  9971 | Volcano  | Noticed a lindwurm
 10521 | Lair:1   | Noticed a catoblepas
 10624 | Lair:1   | Killed a catoblepas
 11197 | Lair:2   | Reached skill level 5 in Fighting
 11407 | Lair:2   | Reached skill level 6 in Fighting
 11857 | Lair:2   | Reached XP level 12. HP: 87/89 MP: 21/21
 11892 | Lair:2   | Received a gift from Okawaru
 12207 | Lair:2   | Reached skill level 10 in Armour
 12585 | Lair:3   | Found a radiant altar of Vehumet.
 12665 | Lair:3   | Acquired Okawaru's second power
 12665 | Lair:3   | Received a gift from Okawaru
 12904 | Lair:3   | Found a hole to the Spider Nest.
 12912 | Lair:3   | Reached skill level 8 in Fighting
 12924 | Lair:3   | Received a gift from Okawaru
 13003 | Lair:3   | Noticed a six-headed hydra
 13308 | Lair:3   | Killed a six-headed hydra
 13405 | Lair:3   | Noticed Harold
 13441 | Lair:3   | Killed Harold
 13626 | Lair:3   | Found a staircase to the Swamp.
 14295 | Lair:4   | Received a gift from Okawaru
 14307 | Lair:4   | Got a scorched lajatang {god gift}
 14308 | Lair:4   | Identified the +9 lajatang of Dividends {drain, Int+2} (Okawaru gifted it to you on level 4 of the Lair of Beasts)
 14473 | Lair:4   | Noticed Erica
 14494 | Lair:4   | Killed Erica
 14699 | Lair:4   | Reached skill level 11 in Armour
 14733 | Lair:4   | Noticed Snorg
 14983 | Lair:4   | Received a gift from Okawaru
 15113 | Lair:4   | Killed Snorg
 15113 | Lair:4   | Reached XP level 13. HP: 103/103 MP: 22/22
 15472 | Lair:5   | Reached skill level 10 in Fighting
 16319 | Lair:6   | Received a gift from Okawaru
 16630 | Lair:6   | Identified a scroll of acquirement
 17233 | Lair:7   | Noticed Gorice's ghost (powerful DgWn)
 17469 | D:9      | Noticed a centaur warrior
 17481 | D:9      | Killed a centaur warrior
 17500 | D:10     | Entered Level 10 of the Dungeon
 17738 | D:10     | Got a dazzling chain mail
 17749 | D:10     | Identified the -2 chain mail of Decwuplu {rPois+ Int+5 Dex+2} (You found it on level 10 of the Dungeon)
 17765 | D:10     | Noticed Vidiiot's ghost (experienced TrAs)
 18046 | D:10     | Killed Vidiiot's ghost
 18046 | D:10     | Reached skill level 12 in Armour
 18325 | D:11     | Found a labyrinth entrance.
 18333 | Lab      | Entered a labyrinth
 18615 | Lab      | Found an exit through the horrors of the Abyss.
 18921 | D:11     | Noticed Gorice's ghost (experienced DgWn)
 18938 | D:11     | Killed Gorice's ghost
 19160 | D:11     | Found a staircase to the Orcish Mines.
 19168 | Orc:1    | Entered Level 1 of the Orcish Mines
 19225 | Orc:1    | Found a flagged portal.
 19235 | Orc:1    | Received a gift from Okawaru
 19235 | Orc:1    | Reached skill level 12 in Fighting
 19251 | Bailey   | Entered a bailey
 19694 | Bailey   | Identified a +2 rod of the swarm (13/13) (You found it in a labyrinth)
 19695 | Bailey   | Identified a +4 rod of inaccuracy (13/13) (You found it in a labyrinth)
 20559 | Orc:3    | Reached XP level 14. HP: 115/115 MP: 23/23
 20560 | Orc:3    | Noticed Fannar
 20577 | Orc:3    | Killed Fannar
 20615 | Orc:2    | Found Smubluhy's Jewellery Shoppe.
 20822 | Orc:3    | Noticed Psyche
 20828 | Orc:3    | Killed Psyche
 20836 | Orc:3    | Found a roughly hewn altar of Beogh.
 21482 | Orc:4    | Entered Level 4 of the Orcish Mines
 21497 | Orc:4    | Found a roughly hewn altar of Beogh.
 21497 | Orc:4    | Found Noexkal's Distillery.
 21737 | Orc:4    | Found a staircase to the Elven Halls.
 21838 | Orc:4    | Found a roughly hewn altar of Beogh.
 21873 | Orc:4    | Found a roughly hewn altar of Beogh.
 21873 | Orc:4    | Found Thur's Armour Boutique.
 22018 | Orc:4    | Noticed an orc warlord
 22043 | Orc:4    | Paralysed by an orc sorcerer for 5 turns
 22056 | Orc:4    | Paralysed by an orc sorcerer for 7 turns
 22068 | Orc:4    | Reached skill level 13 in Armour
 22147 | Orc:4    | Killed an orc warlord
 22162 | Orc:4    | Found a roughly hewn altar of Beogh.
 22162 | Orc:4    | Found Koiczah's Antique Weapon Shop.
 22166 | Orc:4    | Found Mufehi's Antique Armour Boutique.
 22274 | Orc:4    | Found a roughly hewn altar of Beogh.
 22471 | Orc:4    | Bought an embroidered cloak for 117 gold pieces
 22784 | D:11     | Got a transparent buckler
 23364 | Lair:7   | Identified the +4 buckler of the Accordion {rF+ rN+ Str+3} (You found it on level 11 of the Dungeon)
 23736 | Lair:7   | Killed Gorice's ghost
 23930 | Lair:8   | Entered Level 8 of the Lair of Beasts
 24072 | Lair:8   | Received a gift from Okawaru
 24395 | Lair:8   | Found a staircase to the Slime Pits.
 24436 | Lair:8   | Found a sacrificial altar of Ru.
 24704 | Lair:8   | Found a burning altar of Makhleb.
 24731 | Lair:8   | Received a gift from Okawaru
 24732 | Lair:8   | Reached skill level 8 in Evocations
 25026 | Lair:8   | Received a gift from Okawaru
 25113 | Lair:8   | Found a gateway to Hell.
 25321 | Lair:3   | Noticed a five-headed hydra
 25336 | Lair:3   | Killed a 11-headed hydra
 25564 | Elf:1    | Entered Level 1 of the Elven Halls
 25564 | Elf:1    | Noticed Frances
 26441 | D:12     | Reached XP level 15. HP: 124/124 MP: 25/27
 26769 | D:12     | Learned a level 2 spell: Repel Missiles
 27283 | D:13     | Noticed Josephine
 27296 | D:13     | Killed Josephine
 27496 | D:13     | Reached skill level 10 in Evocations
 28011 | Spider:1 | Entered Level 1 of the Spider Nest
 28121 | Spider:1 | Noticed ConnectionFaild's ghost (powerful SpAr)
 28141 | Spider:1 | Killed ConnectionFaild's ghost
 28176 | Spider:1 | Was placed under penance by Okawaru
 28184 | Spider:1 | Slain by a fire elemental

Vanquished Creatures
  An orc warlord (Orc:4)
  Gastronok (D:9)
  A minotaur (Lab)
  Fannar (Orc:3)
  Harold (Lair:3)
  A hell beast (Lair:8)
  6 hydras
  Erica (Lair:4)
  A centaur warrior (D:9)
  The ghost of Vidiiot the Grappler, an experienced TrAs (D:10)
  2 tengu warriors
  The ghost of Gorice the Basher, an experienced DgWn (D:11)
  2 catoblepae
  A wizard (D:9)
  2 hill giants
  Pikel (D:8)
  A wolf spider zombie (D:13)
  A griffon (Lair:7)
  4 orc knights
  3 orc sorcerers (Orc:4)
  3 ugly things
  The ghost of ConnectionFaild the Covert, an experienced SpAr of Nemelex Xobeh (D:7)
  3 manticores
  2 cyclopes
  3 wolf spiders (Spider:1)
  6 elephants
  4 black mambas
  2 centaur skeletons
  16 spiny frogs
  5 gargoyles
  Psyche (Orc:3)
  11 komodo dragons
  A hellwing (Lair:8)
  5 red devils (Lair:8)
  5 fire drakes
  3 jumping spiders (Spider:1)
  3 blue devils (Lair:8)
  5 blink frogs (Lair:3)
  3 polar bears
  7 trolls
  Prince Ribbit (D:7)
  A minotaur skeleton (Lab)
  A raven (D:13)
  A boulder beetle (Lair:8)
  2 basilisks
  4 two-headed ogres
  4 redbacks (Spider:1)
  44 yaks
  2 tarantellas (Spider:1)
  A vampire (D:10)
  A hungry ghost (Lab)
  A deep elf mage (D:12)
  15 wolves
  2 shadows (Lab)
  A spriggan (Lair:5)
  2 wraiths
  2 wyverns
  A steam dragon (D:9)
  13 hippogriffs
  3 wargs
  18 water moccasins
  A hell hound (Lair:8)
  3 black bears
  14 porcupines
  2 slaves (D:8)
  10 spiders
  2 centaurs
  3 wasps
  3 phantoms
  41 orc warriors
  3 ice beasts
  4 sky beasts
  9 ogres
  7 big kobolds
  12 crocodiles
  18 giant frogs
  A wyvern skeleton (D:13)
  2 scorpions
  8 wights
  6 killer bees
  2 giant frog zombies
  4 goliath beetles
  2 centaur zombies
  4 electric eels
  7 crimson imps
  7 hounds
  10 jellies
  27 orc priests
  A wasp zombie (D:12)
  28 orc wizards
  4 giant frog skeletons
  12 worker ants
  12 iguanas
  9 sheep
  A hound zombie (D:7)
  An orc zombie (Orc:4)
  36 adders
  13 gnolls
  A giant mite (D:3)
  58 river rats
  2 shadow imps
  3 worms
  An adder skeleton (D:6)
  17 oozes
  203 orcs
  11 hobgoblins
  7 jackals
  4 quokkas
  3 ball pythons
  6 bats
  4 giant cockroaches
  4 giant geckos
  6 giant newts
  A giant spore (D:6)
  20 goblins
  A jackal zombie (D:7)
  26 kobolds
  17 rats
  5 ballistomycetes
971 creatures vanquished.

Vanquished Creatures (collateral kills)
  The ghost of ConnectionFaild the Imperceptible, a powerful SpAr of Nemelex Xobeh (Spider:1)
  The ghost of Gorice the Impaler, a powerful DgWn (Lair:7)
  Snorg (Lair:4)
  Josephine (D:13)
  3 hydras
  2 wolf spiders (Spider:1)
  A centaur zombie (D:13)
  A spiny frog (Lair:6)
  A fire drake (Lair:7)
  A blue devil (Lair:8)
  A raven (D:13)
  A yak (Lair:2)
  2 hippogriffs
  A water moccasin (Lair:6)
  2 orc warriors (Orc:4)
  A hornet simulacrum (D:13)
  2 giant frogs
  A giant frog skeleton (D:13)
  A hound (Lair:7)
  2 orc priests (Orc:4)
  An adder (Lair:7)
  10 orcs
  3 orc zombies (Orc:4)
41 creatures vanquished.

Vanquished Creatures (others)
  A centaur warrior (D:13)
  A wizard (Lair:8)
  A hill giant (D:13)
  2 water elementals (Lair:8)
  3 fire vortices (Volcano)
  A fire elemental (Lair:8)
  2 vampire mosquitoes
  4 chimeras
  3 spiders
  An orc warrior (Bailey)
  2 ogres
  A scorpion (Lair:8)
  2 killer bees
  A goliath beetle (D:4)
  7 worker ants
  2 worms (Orc:4)
  An adder skeleton (D:4)
  A giant cockroach (D:4)
  2 goblins (D:4)
  A kobold (D:4)
  2 bats (D:4)
  A giant gecko (D:4)
  A giant spore (D:11)
  2 butterflies
  11 fungi
  3 plants
59 creatures vanquished.

Grand Total: 1071 creatures vanquished

Action                   |  1- 3 |  4- 6 |  7- 9 | 10-12 | 13-15 || total
-------------------------+-------+-------+-------+-------+-------++-------
Melee: Quarterstaff      |   114 |   192 |   792 |    17 |       ||  1115
       Long sword        |       |       |     5 |   678 |     5 ||   688
       Lajatang          |       |       |       |    62 |  1143 ||  1205
       Demon trident     |       |       |       |       |   421 ||   421
 Fire: Blowgun           |       |       |       |     2 |       ||     2
Throw: Throwing net      |     5 |     4 |     7 |     3 |       ||    19
       Javelin           |       |       |       |    38 |     2 ||    40
Invok: Heroism           |       |       |       |    21 |    15 ||    36
Evoke: Wand              |       |     1 |    13 |    25 |    86 ||   125
       Lamp of fire      |       |       |       |     3 |     4 ||     7
       Box of beasts     |       |       |       |     4 |    10 ||    14
       Rod               |       |       |       |       |    30 ||    30
       Deck              |       |       |       |       |     7 ||     7
       Phial of floods   |       |       |       |       |     2 ||     2
  Use: Scroll            |     8 |     3 |     5 |    10 |    22 ||    48
 Stab: Held in net/web   |     1 |       |     3 |     6 |       ||    10
       Paralysed         |       |       |     1 |       |    12 ||    13
       Confused          |       |       |     6 |       |       ||     6
       Distracted        |       |       |       |       |     4 ||     4

Vault maps used:
D:1:      dpeg_arrival_more_subterranean_lakeside_camping
D:2:      evilmike_ruin_ashenzari
D:4:      xom_confusion_cloud
D:5:      temple_fountains, first_bread, fedhas_altar_3
D:6:      nicolae_ru_great_annihilating_truth
D:7:      lemuel_slime, minitemple, minmay_overflow_temple_star_quad,
          uniq_prince_ribbit1
D:8:      special_room, uniq_pikel
D:9:      david_lair_generic, hangedman_little_slice_of_home,
          lightli_wizard_tower, uniq_gastronok
D:10:     minmay_curly_fans, kennysheep_generic_room_7
D:11:     wad_lake_hut, orc_0_dummy, lab_entry_generic
D:13:     minmay_misc_feat_roman, uniq_josephine
Temple:   nicolae_temple_x_marks_the_god
Lair:1:   lightli_volcano_entry_magma_tube, minmay_holes,
          infiniplex_staircase_pool_2
Lair:2:   grunt_megastairs_4
Lair:3:   minmay_swamp_entry_eels, nicolae_spider_entry_tight_spaces,
          lemuel_oklob_altar, serial_bayou_shore_b, uniq_harold
Lair:4:   eino_small_chamber_without_monster, uniq_snorg, uniq_erica
Lair:5:   forest_entry_grove, grunt_megastairs_2
Lair:7:   serial_bayou_pond_e, minivault_27, minmay_lair_drake_nest,
          infiniplex_staircase_pool
Lair:8:   evil_forest, slime_dummy, basic_altar
Orc:1:    enter_bailey_7
Orc:2:    serial_shops, shop
Orc:3:    nicolae_orc_pool_cavern, mines1_david, uniq_psyche, uniq_fannar
Orc:4:    grunt_orc_community_town_hall, grunt_orc_community_big_house_1,
          grunt_orc_community_big_house_1, grunt_orc_community_house_2,
          grunt_orc_community_house_3, grunt_orc_community_house_1,
          grunt_orc_community_house_3, grunt_orc_community_house_3,
          grunt_orc_community_house_1
Elf:1:    minmay_elf_arrival_plus, serial_shops, shop, minmay_elf_necromancy,
          uniq_roxanne, uniq_frances
Lab:      nicolae_lab_x, labyrinth_fake_exit, labyrinth_skeletal_remains,
          nicolae_lab_hexagon, lab_fountain, nicolae_lab_do_over
Bailey:   bailey_polearm_4, bailey
Volcano:  volcano_aerie
